 Dungeon Crawl Stone Soup version 0.31-a0-590-g8a5a4361df (webtiles) character file.

Game seed: 17953456992303367721

745423 zazu2006 the Luminary of Lethal Lore (level 27, -5/228 HPs)
             Began as a Gnoll Wanderer on Aug 19, 2023.
             Was the Champion of Vehumet.
             Killed from afar by a starcursed mass (8 damage)
             ... with an accursed screaming
             ... on level 5 of the Abyss.
             The game lasted 07:32:44 (97338 turns).

zazu2006 the Luminary of Lethal Lore (GnWn)        Turns: 97338, Time: 07:32:45

Health: -5/228     AC: 41    Str: 23    XL:     27
Magic:  53/53      EV: 34    Int: 24    God:    Vehumet [******]
Gold:   9219       SH:  0    Dex: 34    Spells: 35/68 levels left

rFire   + + +        j - +8 orcbow of Upheaval {freeze, Int+4}
rCold   + + +        (shield currently unavailable)
rNeg    + . .        A - +7 fire dragon scales "Ythreow" {rF++ rC- rCorr Dex+4}
rPois   .            L - +1 helmet {SInv}
rElec   .            B - +2 cloak {rC+}
rCorr   +            T - +2 pair of gloves {Dex+3}
SInv    +            X - +1 pair of boots of Atheism {rF+}
Will    ++...        m - amulet "Tiapse" {Acrobat Contam rN+ Str+6 Stlth+}
Stlth   +++++++++    V - ring "Aqopyi Gime" {Wiz Fly Str+3 Dex+4}
HPRegen 0.00/turn    S - ring "Gocuckog" {Drain rC+++ AC+4 Dex+8 Stlth+}
MPRegen 0.33/turn

%: acrobat, wizardry (x1)
@: flying, inhibited regen
A: fangs 1, strong nose, distributed training, clever 1, high MP 1, inhibited
regeneration, weak 1, no potion heal 1, MP-powered wands
}: 4/15 runes: barnacled, silver, abyssal, gossamer
a: Renounce Religion


You were on level 5 of the Abyss.
You worshipped Vehumet.
Vehumet was exalted by your worship.
You visited 14 branches of the dungeon, and saw 54 of its levels.
You visited the Abyss 19 times.
You visited 1 bazaar.
You also visited: Trove, Ice Cave and Wizlab.

You collected 10561 gold pieces.
You spent 1342 gold pieces at shops.

Inventory:

Hand Weapons
 f - the +10 mace of the Conjuring Whale {protect, rC+ Int+3}
   (You took it off a hell knight on level 5 of the Vaults)

   Int+3:     It affects your intelligence (+3).
   rC+:       It protects you from cold.
 j - the +8 orcbow of Upheaval (weapon) {freeze, Int+4}
   (You found it on level 2 of the Dungeon)

   Int+4:     It affects your intelligence (+4).
 I - the +6 shortbow of Hiom {flame, rN++ Will+ Stlth+}
   (You found it on level 10 of the Dungeon)

   rN++:      It greatly protects you from negative energy.
   Will+:     It increases your willpower.
   Stlth+:    It makes you more stealthy.
Armour
 n - +0 pearl dragon scales
 q - quicksilver dragon scales
 A - the +7 fire dragon scales "Ythreow" (worn) {rF++ rC- rCorr Dex+4}
   (You found it on level 9 of the Dungeon)

   Dex+4:     It affects your dexterity (+4).
   rF++:      It greatly protects you from fire.
   rC-:       It makes you vulnerable to cold.
   rCorr:     It protects you from acid and corrosion.
 B - a +2 cloak of cold resistance (worn)
 L - a +1 helmet of see invisible (worn)
 Q - the +3 pair of mountain boots {steadfast, rC+}
   (You acquired it on level 1 of the Tomb of the Ancients)

   Steadfast: It prevents involuntary movement, except for blinking,
   teleportation, or banishment.
   rC+:       It protects you from cold.
 T - a +2 pair of gloves of dexterity (worn)
 X - the +1 pair of boots of Atheism (worn) {rF+}
   (You found it on level 4 of the Lair of Beasts)

   rF+:       It protects you from fire.
Jewellery
 m - the amulet "Tiapse" (around neck) {Acrobat Contam rN+ Str+6 Stlth+}
   (You bought it in a shop on level 2 of the Vaults)

   [amulet of the acrobat]

   Acrobat:   It increases your evasion while moving and waiting.
   Str+6:     It affects your strength (+6).
   rN+:       It protects you from negative energy.
   Contam:    It causes magical contamination when unequipped.
   Stlth+:    It makes you more stealthy.
 S - the ring "Gocuckog" (right hand) {Drain rC+++ AC+4 Dex+8 Stlth+}
   (You found it on level 5 of the Lair of Beasts)

   [ring of protection]

   AC+4:      It affects your AC (+4).
   Dex+8:     It affects your dexterity (+8).
   rC+++:     It renders you almost immune to cold.
   Drain:     It drains your maximum health when unequipped.
   Stlth+:    It makes you more stealthy.
 V - the ring "Aqopyi Gime" (left hand) {Wiz Fly Str+3 Dex+4}
   (You found it on level 5 of the Lair of Beasts)

   [ring of wizardry]

   Wiz:       It improves your spell success rate.
   Str+3:     It affects your strength (+3).
   Dex+4:     It affects your dexterity (+4).
   Fly:       It grants you flight.
Wands
 d - a wand of roots (44)
 l - a wand of digging (13)
 C - a wand of light (23)
 G - a wand of mindburst (43)
 H - a wand of flame (78)
Scrolls
 a - 3 scrolls of fear
 b - 14 scrolls of poison
 c - 14 scrolls of fog
 e - 6 scrolls of teleportation
 g - 2 scrolls of revelation
 s - 3 scrolls of summoning
Potions
 h - 2 potions of berserk rage
 i - 10 potions of lignification
 k - 9 potions of ambrosia
 p - 13 potions of brilliance
 r - 8 potions of enlightenment
 t - a potion of mutation
 u - 10 potions of might
 D - 2 potions of cancellation
 K - 9 potions of attraction
 N - 5 potions of haste
 O - 5 potions of invisibility
 R - 7 potions of resistance
 W - 5 potions of magic
Miscellaneous
 o - the horn of Geryon
 Z - a lightning rod (4/4)


   Skills:
 + Level 21.1 Fighting
 + Level 21.1 Short Blades
 + Level 21.1 Long Blades
 + Level 21.5 Axes
 + Level 21.1 Maces & Flails
 + Level 21.1 Polearms
 + Level 21.1 Staves
 + Level 21.1 Ranged Weapons
 + Level 21.1 Throwing
 + Level 22.3 Armour
 + Level 21.2 Dodging
 + Level 21.1 Stealth
 + Level 21.1 Shields
 + Level 21.1 Unarmed Combat
 + Level 21.2 Spellcasting
 + Level 18.0 Conjurations
 + Level 18.0 Hexes
 + Level 18.0 Summonings
 + Level 18.0 Necromancy
 + Level 18.0 Translocations
 + Level 18.0 Transmutations
 + Level 18.4 Fire Magic
 + Level 18.0 Ice Magic
 + Level 18.0 Air Magic
 + Level 18.0 Earth Magic
 + Level 18.0 Poison Magic
 + Level 22.7 Invocations
 + Level 21.1 Evocations
 + Level 18.0 Shapeshifting


You had 35 spell levels left.
You knew the following spells:

 Your Spells              Type           Power      Damage    Failure   Level
a - Foxfire               Conj/Fire      100%       2x1d9     0%          1
b - Sticky Flame          Conj/Fire      85%        2d10      0%          4
c - Irradiate             Conj/Tmut      42%        3d25      1%          5
d - Orb of Destruction    Conj           42%        9d12      1%          7
e - Freezing Cloud        Conj/Ice/Air   42%        6-21      1%          5
f - Dispel Undead         Necr           84%        3d27      0%          4
g - Iskenderun's Mystic   Conj/Tloc      84%        2d17      0%          4
h - Stone Arrow           Conj/Erth      100%       3d13      0%          3

Your spell library contained the following spells:

 Spells                   Type           Power      Damage    Failure   Level
 Ignition                 Fire           42%        3d12      1%          8
 Polar Vortex             Ice            42%        12d5*     19%         9
 Freeze                   Ice            100%       1d10      0%          1
 Kiss of Death            Conj/Necr      100%       2d13      0%          1
 Magic Dart               Conj           100%       1d8       0%          1
 Sandblast                Erth           100%       2d20      0%          1
 Shock                    Conj/Air       100%       1d9       0%          1
 Slow                     Hex            100%       N/A       0%          1
 Sting                    Tmut/Pois      100%       1d8       0%          1
 Summon Small Mammal      Summ           100%       N/A       0%          1
 Blink                    Tloc           100%       N/A       0%          2
 Cigotuvi's Dreadful Rot  Necr/Pois/Air  100%       N/A       0%          2
 Lesser Beckoning         Tloc           100%       N/A       0%          2
 Momentum Strike          Conj/Tloc      100%       3d10      0%          2
 Passwall                 Tmut/Erth      70%        N/A       0%          2
 Poisonous Vapours        Pois/Air       100%       N/A       0%          2
 Scorch                   Fire           100%       2d9       0%          2
 Static Discharge         Conj/Air       100%       2-7/arc   0%          2
 Sublimation of Blood     Necr           84%        N/A       0%          2
 Wereblood                Tmut           84%        N/A       0%          2
 Call Canine Familiar     Summ           84%        N/A       0%          3
 Confusing Touch          Hex            84%        N/A       0%          3
 Frozen Ramparts          Ice            100%       1d16      0%          3
 Gell's Gravitas          Tloc           84%        N/A       0%          3
 Hailstorm                Conj/Ice       84%        3d17      0%          3
 Ignite Poison            Fire/Tmut/Pois 85%        N/A       0%          3
 Inner Flame              Hex/Fire       85%        N/A       0%          3
 Summon Guardian Golem    Hex/Summ       84%        N/A       0%          3
 Swiftness                Air            84%        N/A       0%          3
 Teleport Other           Tloc           84%        N/A       0%          3
 Tukima's Dance           Hex            84%        N/A       0%          3
 Vampiric Draining        Necr           84%        2d12      0%          3
 Vhi's Electric Charge    Tloc/Air       100%       N/A       0%          3
 Volatile Blastmotes      Fire/Tloc      100%       2d18      0%          3
 Airstrike                Air            42%        2d(6-22)  0%          4
 Anguish                  Hex/Necr       42%        N/A       0%          4
 Animate Armour           Summ/Erth      100%       N/A       0%          4
 Animate Dead             Necr           84%        N/A       0%          4
 Cause Fear               Hex            42%        N/A       0%          4
 Flame Wave               Conj/Fire      85%        2d18      0%          4
 Fulminant Prism          Conj/Hex       42%        3d19      0%          4
 Manifold Assault         Tloc           84%        N/A       0%          4
 Passage of Golubria      Tloc           84%        N/A       0%          4
 Petrify                  Tmut/Erth      84%        N/A       0%          4
 Summon Ice Beast         Ice/Summ       84%        N/A       0%          4
 Summon Lightning Spire   Summ/Air       84%        N/A       0%          4
 Alistair's Intoxication  Tmut/Pois      56%        N/A       1%          5
 Arcjolt                  Conj/Air       42%        1d52      1%          5
 Borgnjor's Vile Clutch   Necr/Erth      42%        N/A       1%          5
 Lee's Rapid Deconstruct  Erth           42%        3d20*     1%          5
 Silence                  Hex/Air        42%        N/A       1%          5
 Summon Forest            Summ/Tloc      42%        N/A       1%          5
 Summon Mana Viper        Hex/Summ       84%        N/A       1%          5
 Yara's Violent Unravell  Hex/Tmut       42%        3d17      1%          5
 Conjure Ball Lightning   Conj/Air       42%        3x3d15    1%          6
 Death Channel            Necr           42%        N/A       1%          6
 Eringya's Noxious Bog    Tmut/Pois      42%        4d6       1%          6
 Leda's Unmaking          Conj/Erth      42%        9d7       1%          6
 Plasma Beam              Fire/Air       42%        2x1d56    1%          6
 Simulacrum               Ice/Necr       42%        N/A       1%          6
 Summon Cactus Giant      Summ           42%        N/A       1%          6
 Enfeeble                 Hex            42%        N/A       1%          7
 Haunt                    Necr/Summ      42%        N/A       1%          7
 Monstrous Menagerie      Summ           42%        N/A       1%          7
 Spellforged Servitor     Conj/Summ      42%        N/A       1%          7
 Summon Hydra             Summ           42%        N/A       1%          7
 Lehudib's Crystal Spear  Conj/Erth      42%        10d10     1%          8
 Fire Storm               Conj/Fire      42%        8d11      17%         9


Dungeon Overview and Level Annotations

Branches:
Dungeon (15/15)            Temple (1/1) D:5            Lair (5/5) D:9
 Shoals (4/4) Lair:2       Spider (4/4) Lair:2        Slime (0/5) Lair:5
    Orc (2/2) D:10            Elf (3/3) Orc:2        Vaults (5/5) D:13
  Crypt (3/3) Vaults:3       Tomb (1/3) Crypt:3      Depths (4/4) D:15
   Hell (visited)             Dis (3/7) Hell            Geh (3/7) Hell
    Coc (0/7) Hell            Tar (0/7) Hell            Zot (0/5) Depths:4
  IceCv (visited)          WizLab (visited)

Altars:
Ashenzari
Cheibriados
Dithmenos
Elyvilon
Fedhas
Gozag
Hepliaklqana
Kikubaaqudgha
Makhleb
Nemelex Xobeh
Okawaru
Qazlal
Ru
Sif Muna
Trog
Uskayaw
Vehumet
Wu Jian
Xom
Yredelemnul
Zin
The Shining One
Jiyva

Shops:
D:1 :   D:8 *   D:15 !(   Orc:2 *(!![   Elf:2 *   Vaults:2 =   Vaults:3 :[
Vaults:5 !!?   Depths:4 :==

Portals:
Hell: Depths:1 Depths:2 Depths:3 Depths:4
Abyss: Depths:2 Depths:3
Pandemonium: Depths:2 Depths:3
Ziggurat: Depths:3

Annotations:
Lair:5 exclusion: door


Innate Abilities, Weirdness & Mutations

You have very sharp teeth.
Your uncanny sense of smell can sniff out nearby items.
Your experience applies equally to all skills.
Your mind is acute. (Int +4, Str/Dex -1)
You have an increased reservoir of magic. (+10% MP)
You do not regenerate when monsters are visible.
You are weak. (Str -2)
Potions are less effective at restoring your health.
You expend magic power (3 MP) to strengthen your wands.


Message History

Unknown command.
The small abomination hits you but does no damage.
The rakshasa is engulfed in freezing vapours.
The rakshasa blinks!
The rakshasa is engulfed in freezing vapours.
The rakshasa weaves an illusion.
The small abomination shimmers and seems to become two!
The rakshasa is engulfed in freezing vapours.
You kill the rakshasa!
The rakshasa shimmers and vanishes!
The raiju is engulfed in freezing vapours.
Unknown command.
Unknown command.
You feel less invigorated.
You feel less confused.
The small abomination is engulfed in freezing vapours.
You destroy the small abomination!
The small abomination shimmers and vanishes!
The small abomination closely misses you.
The rakshasa is engulfed in freezing vapours.
You kill the rakshasa!
Vehumet accepts your kill.
A starcursed mass splits.
The raiju is engulfed in freezing vapours.
The raiju bursts into living lightning!
The living lightning hits you!
* * * LOW HITPOINT WARNING * * *
The raiju blinks!
The raiju is engulfed in freezing vapours.
You hear a bark! x2
Unknown command.
Unknown command.
Unknown command.
As you read the scroll of fear, it crumbles to dust.
You assume a fearsome visage.
The small abomination is unaffected.
The starcursed mass is unaffected. x2; The raiju looks frightened!
The small abomination misses you.
The raiju is engulfed in freezing vapours.
The starcursed mass shrieks in your mind.
You die...

#. .X. ## .
# ... # †.#
. .. ##..[
....#...
...# ##h†
§§#
#..§###.. §#
#...§§# #§#
#.. #§h§#
§#∆. .# .
#§§.#†#§#§hX
# . ##@§§§§#
##x☼#§§# .
.#§# .. .#
... .# ##..
# ... ....


You could see a starcursed mass, 2 raiju and a small abomination.

Vanquished Creatures
  10 ancient liches
  7 dread liches
  Mennas (Crypt:2)
  Mara (Spider:4)
  Sojobo (Vaults:2)
  Bai Suzhen (Spider:3)
  Saint Roka (Vaults:2)
  6 caustic shrikes
  Margery (Vaults:2)
  Nikola (Shoals:1)
  Geryon (Hell)
  6 golden dragons
  2 profane servitors
  14 bone dragons
  A pearl dragon (Abyss:4)
  Arachne (Spider:3)
  A shard shrike zombie (Abyss:4)
  A Brimstone Fiend (Hell)
  5 hellephants
  12 tentacled monstrosities
  A walking crystal tome (Depths:2)
  A Hell Sentinel (Dis:2)
  Asterion (Elf:2)
  10 liches
  2 walking divine tomes
  8 sphinxes
  6 titans
  3 deep elf master archers (Elf:3)
  4 searing wretches
  4 deep elf blademasters
  3 quicksilver dragons
  Murray (Depths:1)
  The ghost of Foashama the Severer, an adept DsWr of Gozag (Elf:3)
  4 Executioners
  9 ancient champions
  59 tentacled starspawn
  A storm dragon (Vaults:5)
  9 shadow dragons
  A draconian monk (Depths:4)
  7 tengu reavers
  4 revenants
  Ilsuiw (Shoals:2)
  Aizul (Vaults:1)
  A nagaraja (WizLab)
  12 fire giants
  4 daevas
  15 deep elf sorcerers
  10 frost giants
  A quicksilver elemental (Dis:2)
  19 vault wardens
  A caustic shrike zombie (Abyss:4)
  An iron dragon (Depths:2)
  7 emperor scorpions
  A shard shrike simulacrum (Abyss:4)
  6 deep elf elementalists
  2 juggernaut zombies
  7 balrugs
  5 ghost moths
  2 angels
  3 orc warlords
  4 cacodemons (Abyss:4)
  21 ironbound preservers
  12 stone giants
  40 very ugly things
  A draconian annihilator (Depths:4)
  A draconian stormcaller (Depths:2)
  4 formless jellyfish
  2 curse skulls
  A spriggan defender (Depths:2)
  8 reapers
  11 war gargoyles
  2 ophanim (Abyss:4)
  3 caustic shrike skeletons
  3 broodmothers
  A starflower (Abyss:4)
  3 demonspawn corrupters (WizLab)
  10 deep elf demonologists
  The ghost of Xavori the Carver, a journeyman OpCK of Xom (Lair:4)
  A green draconian (Depths:4)
  2 ironbound thunderhulks
  67 starcursed masses
  3 lorocyprocas
  A black draconian (Abyss:4)
  10 vampire knights
  2 bennus (Tomb:1)
  2 white draconians
  11 dire elephants
  A minotaur (Shoals:3)
  2 putrid mouths (Hell)
  14 deep elf annihilators
  4 purple draconians
  2 red draconians
  4 blizzard demons
  5 spark wasps
  12 deep elf death magi
  An iron golem (Dis:2)
  2 pearl dragon zombies (Crypt:1)
  2 crystal guardians
  5 eidola
  8 merfolk impalers
  10 ettins
  5 jiangshi
  6 mummy priests (Tomb:1)
  2 spriggan zombies
  2 green deaths
  8 merfolk javelineers
  5 entropy weavers
  8 fire dragons
  7 deep elf high priests
  13 great orbs of eyes
  17 yaktaur captains
  3 ice dragons
  The ghost of bahustanut the Fighter, a novice OgBe of Trog (D:9)
  5 hydras
  Harold (Lair:1)
  36 vault guards
  2 kraken zombies (Hell)
  13 rakshasas
  6 merfolk aquamancers
  3 catoblepae (Lair:5)
  A peacekeeper (Vaults:4)
  Erica (D:8)
  An alligator (shapeshifter) (D:14)
  4 ogre magi
  2 spriggan air magi (Depths:2)
  21 centaur warriors
  11 ironbound frosthearts
  3 radroaches
  3 satyrs
  2 merfolk avatars
  10 spriggan skeletons
  3 alligator snapping turtles
  27 dancing weapons
  A stoker (Geh:1)
  5 death knights
  7 two-headed ogres
  4 tengu warriors
  29 hell hogs
  7 boulder beetles
  5 death yaks
  3 deep troll earth magi
  8 deep troll shamans
  3 naga warriors
  14 vampire magi
  42 death scarabs
  2 titan zombies
  Urug (D:13)
  14 deep elf knights
  3 orc high priests
  66 thrashing horrors
  8 demonic crawlers
  13 spriggan berserkers
  6 soul eaters
  33 hell knights
  8 iron trolls
  16 skeletal warriors
  18 sun demons
  3 pharaoh ants
  30 wretched stars
  10 glowing orange brains
  3 sixfirhies
  2 skysharks (Shoals:2)
  A fire crab (Lair:5)
  2 sun moths
  An anaconda zombie (Hell)
  13 flayed ghosts
  4 spatial maelstroms (Abyss:4)
  3 crystal echidnas
  2 shadow wraiths (Abyss:4)
  A death drake (Abyss:4)
  2 bunyip zombies
  103 large abominations
  Lodul (D:13)
  9 sea snakes
  A golden dragon zombie (Crypt:3)
  5 shadow demons
  A goliath frog (shapeshifter) (Vaults:5)
  A swamp dragon (WizLab)
  2 spriggan simulacra
  56 deep trolls
  11 orb spiders
  3 anaconda skeletons (Hell)
  18 wizards
  2 bunyip skeletons
  27 ironbound convokers
  9 lindwurms
  Pikel (D:4)
  12 deep elf archers
  10 orc knights
  20 phantasmal warriors
  7 steelbarb worms
  17 necromancers
  An iron giant skeleton (Crypt:1)
  29 deep elf zephyrmancers
  3 harpies
  18 wolf spiders
  A fire giant zombie (Vaults:4)
  27 deep elf pyromancers
  A stone giant zombie (Tomb:1)
  11 manticores
  9 orc sorcerers
  5 will-o-the-wisps
  2 mana vipers (Abyss:4)
  11 cyclopes
  15 fauns
  55 ugly things
  A shadow dragon skeleton (Depths:3)
  16 worldbinders
  A tengu skeleton (Depths:1)
  A dire elephant zombie (Hell)
  9 elephants
  2 moths of wrath
  2 rust devils (Depths:2)
  4 apis skeletons (Crypt:1)
  An iron dragon skeleton (Crypt:3)
  A black mamba (shapeshifter) (Elf:1)
  21 vault sentinels
  5 black mambas
  14 apocalypse crabs
  6 molten gargoyles
  12 water nymphs
  3 ice statues (IceCv)
  9 merfolk sirens
  A stone giant skeleton (Depths:1)
  5 hellions
  46 smoke demons
  5 gargoyles
  8 torpor snails
  A torpor snail (shapeshifter) (Vaults:4)
  A yaktaur zombie (Vaults:1)
  11 cane toads
  10 orange demons
  2 centaur skeletons
  An unseen horror zombie (Crypt:1)
  3 guardian serpents
  9 freezing wraiths
  3 rime drakes
  A kobold demonologist (D:10)
  2 rime drakes (shapeshifter)
  An elf skeleton (Vaults:3)
  8 unseen horrors
  27 yaktaurs
  A steelbarb worm zombie (Crypt:2)
  2 tengu conjurers (Depths:3)
  13 efreet
  A white draconian zombie (Crypt:2)
  10 ice devils
  2 anaconda simulacra (IceCv)
  29 ancient zymes
  14 komodo dragons
  A golden dragon simulacrum (Depths:3)
  A hydra zombie (Hell)
  5 tormentors
  11 guardian mummies (Tomb:1)
  7 red devils
  34 merfolk
  2 harpy zombies
  6 trolls
  A polar bear (Lair:4)
  A queen bee (Abyss:4)
  17 meliai
  9 wind drakes
  24 tarantellas
  2 polar bears (shapeshifter) (Abyss:4)
  87 raiju
  4 harpy skeletons
  15 hellwings
  A moth of wrath zombie (Crypt:2)
  4 dream sheep (Shoals:4)
  10 hornets
  15 blink frogs
  An ice dragon zombie (Hell)
  5 snapping turtles
  57 small abominations
  A satyr zombie (Crypt:2)
  40 jumping spiders
  An ettin zombie (Hell)
  27 slime creatures
  A culicivora (shapeshifter) (Vaults:5)
  8 air elementals
  A fire dragon skeleton (Crypt:2)
  18 ynoxinuls
  2 centaur simulacra
  11 shadows
  27 flying skulls
  8 vampires
  25 water elementals
  16 wraiths
  An ettin skeleton (Vaults:3)
  9 spriggans
  Sigmund (D:5)
  7 wyverns
  4 ushabtiu (Tomb:1)
  75 yaks
  28 culicivoras
  Eustachio (D:4)
  5 basilisks
  7 fire bats (Abyss:4)
  An unseen horror simulacrum (D:9)
  A black mamba skeleton (Crypt:1)
  A human (D:13)
  27 neqoxecs
  An elf zombie (Vaults:4)
  3 fire elementals
  18 golden eyes
  58 redbacks
  3 vampire mosquitoes
  21 chaos spawn
  A redback (shapeshifter) (Vaults:5)
  A basilisk (shapeshifter) (Elf:2)
  A steam dragon (D:7)
  Menkaure (D:7)
  A warg (Orc:1)
  A redback simulacrum (D:15)
  Edmund (D:5)
  A death yak simulacrum (IceCv)
  9 spatial vortices
  5 nagas
  2 acid dragons
  2 naga zombies (Hell)
  A naga skeleton (Tomb:1)
  9 hell hounds (Abyss:4)
  12 water moccasins
  A floating eye (shapeshifter) (Abyss:4)
  A swamp drake (D:9)
  22 orc warriors
  A sky beast (Abyss:4)
  6 ice beasts
  2 black bears
  A lindwurm zombie (Crypt:2)
  16 ogres
  12 wolves
  9 centaurs
  A torpor snail zombie (Crypt:2)
  A phantom (D:7)
  A kobold brigand (D:8)
  13 bullfrogs
  2 gnoll sergeants
  3 human skeletons
  5 necrophages (D:10)
  A human simulacrum (Vaults:1)
  5 earth elementals
  A scorpion (D:6)
  A naga simulacrum (Abyss:4)
  16 wights
  A cane toad simulacrum (IceCv)
  A water moccasin zombie (Crypt:1)
  4 killer bees (D:11)
  An elephant simulacrum (IceCv)
  5 electric eels
  5 howler monkeys
  A crimson imp (Abyss:4)
  A quasit (Abyss:4)
  5 centaur zombies
  4 jellies
  2 hounds
  2 human zombies
  Crazy Yiuf (D:5)
  8 iron imps
  20 orc priests
  A sleepcap (D:6)
  37 orc wizards
  3 iguanas
  A polar bear simulacrum (IceCv)
  A wolf simulacrum (IceCv)
  21 mummies
  Robin (D:4)
  8 gnolls
  3 adders
  2 shadow imps (Abyss:4)
  9 white imps
  2 howler monkey simulacra (D:9)
  5 ufetubi
  2 worms
  3 dart slugs
  86 orcs
  4 ball pythons
  7 endoplasms
  7 giant cockroaches
  20 goblins
  11 hobgoblins
  2 jackals (D:2)
  11 kobolds
  A quokka (D:2)
  A ball python skeleton (Crypt:1)
  6 bats
  An endoplasm zombie (Crypt:2)
  2 frilled lizards
  A hobgoblin skeleton (Crypt:1)
  4 rats
  2 creeping infernos (Geh:1)
  3 fire vortices
  11 lurking horrors
  38 starspawn tentacles
  4 tentacles (Hell)
3394 creatures vanquished.

Vanquished Creatures (collateral kills)
  A hellwing (Abyss:4)
1 creature vanquished.

Vanquished Creatures (others)
  A fire giant (Depths:2)
  A deep elf elementalist (Abyss:4)
  An entropy weaver (Spider:1)
  A deep elf knight (Elf:1)
  A wizard (D:15)
  A necromancer (Vaults:1)
  A smoke demon (Hell)
  A storm dragon simulacrum (Abyss:2)
  An ancient zyme (Abyss:5)
  A hellwing (Abyss:4)
  2 raiju
  3 large abominations
  10 small abominations
  4 golden eyes
  A human skeleton (Vaults:1)
  A starcursed mass (Abyss:5)
  A jelly (Abyss:5)
  An orc wizard (Orc:1)
  An ufetubus (Abyss:4)
  A creeping inferno (Geh:3)
  93 foxfires
  3 lurking horrors (Abyss:4)
  102 starspawn tentacles
  7 tentacles (Hell)
240 creatures vanquished.

Grand Total: 3635 creatures vanquished

Notes
Turn   | Place    | Note
-------+----------+-------------------------------------------
     0 | D:1      | zazu2006 the Gnoll Wanderer began the quest for the Orb.
     0 | D:1      | zazu2006 set off with the following items: a +2 hand axe, a
                  | +0 ring mail, a scroll of fog; and the following spell
                  | memorised: Foxfire; and the following spells available to
                  | memorise: Ignite Poison.
     0 | D:1      | Reached XP level 1. HP: 13/13 MP: 4/4
   142 | D:1      | Reached XP level 2. HP: 15/19 MP: 5/5
   202 | D:1      | Found Bacibogaov's Book Shoppe.
   358 | D:1      | Found a faded altar of an unknown god.
   518 | D:1      | Reached XP level 3. HP: 20/25 MP: 7/7
   847 | D:2      | Found a burning altar of Makhleb.
   910 | D:2      | Reached skill level 1 in Invocations
   981 | D:2      | Identified the +0 ring mail of Xockeuk {Harm rElec rCorr
                  | Int+3}
  1017 | D:2      | Reached skill level 1 in Fighting
  1017 | D:2      | Reached skill level 1 in Short Blades
  1017 | D:2      | Reached skill level 1 in Long Blades
  1017 | D:2      | Reached skill level 1 in Maces & Flails
  1017 | D:2      | Reached skill level 1 in Polearms
  1017 | D:2      | Reached skill level 1 in Staves
  1017 | D:2      | Reached skill level 1 in Ranged Weapons
  1017 | D:2      | Reached skill level 1 in Throwing
  1017 | D:2      | Reached skill level 1 in Stealth
  1017 | D:2      | Reached skill level 1 in Shields
  1017 | D:2      | Reached skill level 1 in Unarmed Combat
  1017 | D:2      | Reached skill level 1 in Evocations
  1137 | D:2      | Identified the +8 orcbow of Upheaval {freeze, Int+4}
  1197 | D:2      | Reached XP level 4. HP: 32/32 MP: 8/8
  1437 | D:3      | Found an opulent altar of Gozag.
  1521 | D:3      | Found a shimmering altar of Xom.
  1541 | D:3      | Reached skill level 1 in Conjurations
  1541 | D:3      | Reached skill level 1 in Hexes
  1541 | D:3      | Reached skill level 1 in Summonings
  1541 | D:3      | Reached skill level 1 in Necromancy
  1541 | D:3      | Reached skill level 1 in Translocations
  1541 | D:3      | Reached skill level 1 in Transmutations
  1541 | D:3      | Reached skill level 1 in Ice Magic
  1541 | D:3      | Reached skill level 1 in Air Magic
  1541 | D:3      | Reached skill level 1 in Earth Magic
  1541 | D:3      | Reached skill level 1 in Poison Magic
  1541 | D:3      | Reached skill level 1 in Shapeshifting
  2231 | D:4      | Noticed Pikel
  2231 | D:4      | Noticed a lemure
  2231 | D:4      | Noticed a lemure
  2231 | D:4      | Noticed a lemure
  2235 | D:4      | Noticed a lemure
  2238 | D:4      | Killed Pikel
  2239 | D:4      | Reached skill level 5 in Axes
  2239 | D:4      | Reached XP level 5. HP: 10/39 MP: 8/10
  2239 | D:4      | Reached XP level 6. HP: 12/46 MP: 8/11
  2239 | D:4      | Reached XP level 7. HP: 13/51 MP: 8/12
  2406 | D:4      | Noticed Robin
  2407 | D:4      | Killed Robin
  2552 | D:4      | Noticed Eustachio
  2560 | D:4      | Killed Eustachio
  2767 | D:4      | Reached XP level 8. HP: 58/58 MP: 14/14
  2972 | D:5      | Entered Level 5 of the Dungeon
  2972 | D:5      | Noticed Sigmund
  2976 | D:5      | Killed Sigmund
  3021 | D:5      | Found a staircase to the Ecumenical Temple.
  3030 | Temple   | Entered the Ecumenical Temple
  3255 | D:5      | Noticed Edmund
  3261 | D:5      | Killed Edmund
  3375 | D:5      | Found a stormy altar of Qazlal.
  3571 | D:5      | Found a snail-covered altar of Cheibriados.
  3638 | D:5      | Found a runed translucent door.
  3639 | D:5      | Noticed Crazy Yiuf
  3750 | D:6      | Found a burning altar of Makhleb.
  3750 | D:6      | Found a blossoming altar of Fedhas.
  3880 | D:6      | Found a bloodstained altar of Trog.
  3922 | D:6      | Found a glowing golden altar of the Shining One.
  3974 | D:6      | Reached skill level 5 in Fire Magic
  4052 | D:6      | Reached XP level 9. HP: 65/65 MP: 16/16
  4092 | D:6      | Identified the +7 ring mail of Lugonu's Hatred {rC+ Regen+
                  | Str+3}
  4174 | D:6      | Found a hide-covered altar of Uskayaw.
  4401 | D:6      | You fall into a shaft and drop 3 floors!
  4444 | D:9      | Found a radiant altar of Vehumet.
  4468 | D:9      | Became a worshipper of Vehumet
  4580 | D:9      | Noticed a rime drake
  4588 | D:9      | Noticed bahustanut's ghost (novice OgBe)
  4599 | D:9      | Reached skill level 5 in Spellcasting
  4625 | D:9      | Found a runed translucent gate.
  4625 | D:9      | Found a runed translucent gate.
  4625 | D:9      | Found a runed translucent gate.
  4670 | D:9      | Reached skill level 5 in Dodging
  4707 | D:9      | Found an ornate altar of the Wu Jian Council.
  4914 | D:9      | Found a hazy altar of Hepliaklqana.
  4936 | D:9      | Reached skill level 5 in Invocations
  5208 | D:9      | Noticed a komodo dragon
  5210 | D:9      | Reached XP level 10. HP: 73/73 MP: 18/18
  5223 | D:9      | Reached skill level 5 in Fighting
  5223 | D:9      | Reached skill level 5 in Short Blades
  5223 | D:9      | Reached skill level 5 in Long Blades
  5223 | D:9      | Reached skill level 5 in Maces & Flails
  5223 | D:9      | Reached skill level 5 in Polearms
  5223 | D:9      | Reached skill level 5 in Staves
  5223 | D:9      | Reached skill level 5 in Ranged Weapons
  5223 | D:9      | Reached skill level 5 in Throwing
  5223 | D:9      | Reached skill level 10 in Armour
  5223 | D:9      | Reached skill level 5 in Stealth
  5223 | D:9      | Reached skill level 5 in Shields
  5223 | D:9      | Reached skill level 5 in Unarmed Combat
  5223 | D:9      | Reached skill level 5 in Evocations
  5263 | D:9      | Found a staircase to the Lair.
  5506 | D:8      | Noticed a two-headed ogre
  5516 | D:9      | Killed a two-headed ogre
  5537 | D:10     | Entered Level 10 of the Dungeon
  5651 | D:10     | Found a staircase to the Orcish Mines.
  5716 | D:10     | Found a basalt altar of Yredelemnul.
  5722 | D:10     | Reached * piety under Vehumet
  5722 | D:10     | Offered knowledge of Sandblast by Vehumet.
  5852 | D:10     | Reached XP level 11. HP: 81/81 MP: 20/20
  5863 | D:10     | Reached skill level 5 in Conjurations
  5863 | D:10     | Reached skill level 5 in Hexes
  5863 | D:10     | Reached skill level 5 in Summonings
  5863 | D:10     | Reached skill level 5 in Necromancy
  5863 | D:10     | Reached skill level 5 in Translocations
  5863 | D:10     | Reached skill level 5 in Transmutations
  5863 | D:10     | Reached skill level 5 in Ice Magic
  5863 | D:10     | Reached skill level 5 in Air Magic
  5863 | D:10     | Reached skill level 5 in Earth Magic
  5863 | D:10     | Reached skill level 5 in Poison Magic
  5863 | D:10     | Reached skill level 5 in Shapeshifting
  5918 | D:10     | Noticed an ogre mage
  5933 | D:10     | Noticed a two-headed ogre
  5940 | D:10     | Killed a two-headed ogre
  5990 | D:10     | Killed an ogre mage
  6016 | D:10     | Identified the +6 shortbow of Hiom {flame, rN++ Will+
                  | Stlth+}
  6415 | D:10     | Offered knowledge of Freeze by Vehumet.
  6595 | D:8      | Noticed Erica
  6605 | D:8      | Found Obus's CLEARANCE SALE!.
  6663 | D:8      | Reached ** piety under Vehumet
  7001 | D:8      | Offered knowledge of Stone Arrow by Vehumet.
  7010 | D:8      | Found an iron altar of Okawaru.
  7066 | D:8      | Killed Erica
  7499 | D:7      | Reached *** piety under Vehumet
  7609 | D:7      | Noticed Menkaure
  7611 | D:7      | Killed Menkaure
  7659 | D:7      | Found a glowing silver altar of Zin.
  7659 | D:7      | Noticed an angel
  7913 | D:7      | Found a sparkling altar of Nemelex Xobeh.
  8574 | Lair:1   | Entered Level 1 of the Lair of Beasts
  8685 | Lair:1   | Offered knowledge of Sticky Flame by Vehumet.
  8773 | Lair:1   | Reached XP level 12. HP: 70/89 MP: 23/23
  8849 | Lair:1   | Learned a level 4 spell: Sticky Flame
  9130 | Lair:1   | Noticed Harold
  9147 | Lair:1   | Killed Harold
  9676 | Lair:2   | Noticed a five-headed hydra
  9681 | Lair:2   | Killed a five-headed hydra
  9914 | Lair:2   | Reached **** piety under Vehumet
 10002 | Lair:2   | Found a hole to the Spider Nest.
 10009 | Lair:2   | Offered knowledge of Irradiate by Vehumet.
 10016 | Lair:2   | Learned a level 5 spell: Irradiate
 10173 | Lair:2   | Found a staircase to the Shoals.
 10461 | Lair:2   | Reached XP level 13. HP: 98/98 MP: 25/25
 11526 | Lair:4   | Reached ***** piety under Vehumet
 11688 | Lair:4   | Offered knowledge of Starburst by Vehumet.
 12285 | Lair:4   | Found a runed translucent door.
 12285 | Lair:4   | Noticed Xavori's ghost (journeyman OpCK)
 12531 | Lair:5   | Entered Level 5 of the Lair of Beasts
 12715 | Lair:5   | Reached skill level 10 in Axes
 12810 | Lair:5   | Identified the ring "Gocuckog" {Drain rC+++ AC+4 Dex+8
                  | Stlth+}
 13044 | Lair:5   | Noticed a dire elephant
 13044 | Lair:5   | Noticed a dire elephant
 13117 | Lair:5   | Reached XP level 14. HP: 98/108 MP: 27/27
 13420 | Lair:4   | Reached skill level 10 in Invocations
 13545 | Lair:5   | Found a staircase to the Slime Pits.
 13545 | Lair:5   | Found a viscous altar of Jiyva.
 14250 | Lair:5   | Identified the ring of Inat {rF++ rC+}
 14373 | Lair:5   | Killed a dire elephant
 14386 | Lair:5   | Offered knowledge of Orb of Destruction by Vehumet.
 14393 | Lair:5   | HP: 5/108 [dire elephant (24)]
 14395 | Lair:5   | Killed a dire elephant
 14503 | Lair:5   | Identified the ring "Aqopyi Gime" {Wiz Fly Str+3 Dex+4}
 14622 | Lair:4   | Killed Xavori's ghost
 14629 | Lair:4   | Identified the +1 pair of boots of Atheism {rF+}
 14839 | Orc:1    | Entered Level 1 of the Orcish Mines
 14867 | Orc:1    | You are sucked into a shaft and drop 1 floor!
 14867 | Orc:2    | Entered Level 2 of the Orcish Mines
 14903 | Orc:2    | Found Hoocee's Assorted Antiques.
 14909 | Orc:2    | Bought a fuming coppery potion for 22 gold pieces
 15038 | Orc:1    | Reached skill level 10 in Spellcasting
 15463 | Orc:1    | Learned a level 7 spell: Orb of Destruction
 15500 | Orc:2    | Paralysed by an orc sorcerer for 2 turns
 15528 | Orc:2    | Reached skill level 10 in Dodging
 15542 | Orc:2    | Found Hukap's Antique Armour Boutique.
 15542 | Orc:2    | Found Boddihoi's Distillery.
 15543 | Orc:2    | Found Kohavvuy's Antique Weapon Shop.
 15547 | Orc:2    | Found Cokhe's Distillery.
 15551 | Orc:2    | Bought a potion of lignification for 51 gold pieces
 15553 | Orc:2    | Bought a potion of heal wounds for 75 gold pieces
 15553 | Orc:2    | Bought a potion of heal wounds for 75 gold pieces
 15579 | Orc:2    | Offered knowledge of Freezing Cloud by Vehumet.
 15607 | Orc:2    | Learned a level 5 spell: Freezing Cloud
 15989 | Orc:2    | Found a staircase to the Elven Halls.
 16030 | Orc:2    | Found a runed translucent door.
 16843 | D:11     | Found a portal to a secret trove of treasure.
 17107 | D:11     | Reached XP level 15. HP: 108/115 MP: 29/29
 17181 | D:12     | Learned a level 4 spell: Dispel Undead
 17496 | D:12     | Got Sif Muna's Grimoire of the Wasp
 17853 | D:13     | Noticed Lodul
 17867 | D:13     | Reached skill level 10 in Fighting
 17867 | D:13     | Reached skill level 10 in Short Blades
 17867 | D:13     | Reached skill level 10 in Long Blades
 17867 | D:13     | Reached skill level 10 in Maces & Flails
 17867 | D:13     | Reached skill level 10 in Polearms
 17867 | D:13     | Reached skill level 10 in Staves
 17867 | D:13     | Reached skill level 10 in Ranged Weapons
 17867 | D:13     | Reached skill level 10 in Throwing
 17867 | D:13     | Reached skill level 10 in Stealth
 17867 | D:13     | Reached skill level 10 in Shields
 17867 | D:13     | Reached skill level 10 in Unarmed Combat
 17867 | D:13     | Reached skill level 10 in Evocations
 17867 | D:13     | Killed Lodul
 17981 | D:13     | Found a frozen archway.
 17990 | IceCv    | Entered an ice cave
 18266 | D:13     | Identified the +5 rapier of Infection {pain, rElec rF+}
 18604 | D:13     | Identified the staff of Causality {Fragile rElec rF+++
                  | Will- Int+8 Air}
 19173 | D:13     | Found a gate to the Vaults.
 19348 | D:13     | Noticed Urug
 19355 | D:13     | Killed Urug
 19355 | D:13     | Offered knowledge of Lee's Rapid Deconstruction by Vehumet.
 20164 | D:14     | Paralysed by an ogre mage for 2 turns
 20634 | D:14     | Identified the ring of Due Proportion {Fly Str+3 Int+5}
 21096 | D:9      | Killed bahustanut's ghost
 21169 | D:9      | Identified the +7 fire dragon scales "Ythreow" {rF++ rC-
                  | rCorr Dex+4}
 21444 | D:15     | Entered Level 15 of the Dungeon
 21902 | D:15     | Reached XP level 16. HP: 123/124 MP: 27/31
 21929 | D:15     | Found a staircase to the Depths.
 22045 | D:15     | Found a radiant altar of Vehumet.
 22680 | D:15     | Found Ujitsieg's Distillery.
 22688 | D:15     | Bought a potion of heal wounds for 75 gold pieces
 22688 | D:15     | Bought a potion of heal wounds for 75 gold pieces
 22855 | D:15     | Reached skill level 10 in Fire Magic
 23085 | D:15     | Found Qirezab's Weapon Shoppe.
 23406 | Spider:1 | Entered Level 1 of the Spider Nest
 23694 | Spider:1 | Offered knowledge of Iskenderun's Battlesphere by Vehumet.
 23874 | Spider:1 | Reached ****** piety under Vehumet
 25187 | Spider:2 | Identified the +0 scale mail of Polish {+Blink rF+ Dex-4}
 25872 | Spider:2 | You are sucked into a shaft and drop 1 floor!
 25876 | Spider:3 | Offered knowledge of Ozocubu's Refrigeration by Vehumet.
 26321 | Spider:3 | Noticed Arachne
 26338 | Spider:3 | Killed Arachne
 26339 | Spider:3 | Reached XP level 17. HP: 52/131 MP: 19/32
 26647 | Spider:3 | Noticed Bai Suzhen
 26672 | Spider:3 | Killed Bai Suzhen
 26953 | Spider:4 | Entered Level 4 of the Spider Nest
 27262 | Spider:4 | Noticed Mara
 27279 | Spider:4 | Reached skill level 10 in Conjurations
 27279 | Spider:4 | Reached skill level 10 in Hexes
 27279 | Spider:4 | Reached skill level 10 in Summonings
 27279 | Spider:4 | Reached skill level 10 in Necromancy
 27279 | Spider:4 | Reached skill level 10 in Translocations
 27279 | Spider:4 | Reached skill level 10 in Transmutations
 27279 | Spider:4 | Reached skill level 10 in Ice Magic
 27279 | Spider:4 | Reached skill level 10 in Air Magic
 27279 | Spider:4 | Reached skill level 10 in Earth Magic
 27279 | Spider:4 | Reached skill level 10 in Poison Magic
 27279 | Spider:4 | Reached skill level 10 in Shapeshifting
 27280 | Spider:4 | Killed Mara
 27659 | Spider:4 | Offered knowledge of Maxwell's Capacitive Coupling by
                  | Vehumet.
 28238 | Spider:4 | Reached XP level 18. HP: 28/140 MP: 0/34
 28742 | Spider:4 | Got a gossamer rune of Zot
 29447 | Shoals:1 | Entered Level 1 of the Shoals
 29682 | Shoals:1 | Noticed Nikola
 29696 | Shoals:1 | Killed Nikola
 30318 | Shoals:2 | Reached XP level 19. HP: 126/147 MP: 18/35
 30713 | Shoals:2 | Noticed Ilsuiw
 30758 | Shoals:2 | Identified the +1 leather armour of Hocuhaus {Will+ Dex+2}
 30794 | Shoals:2 | Killed Ilsuiw
 31433 | Shoals:2 | Offered knowledge of Fire Storm by Vehumet.
 31433 | Shoals:2 | Offered knowledge of Polar Vortex by Vehumet.
 31433 | Shoals:2 | Offered knowledge of Ignition by Vehumet.
 31632 | Shoals:3 | Reached skill level 15 in Armour
 31712 | Shoals:3 | Found Kyum's Magic Scroll Emporium.
 31916 | Shoals:3 | Identified the +2 scale mail of Serendipity {Rampage *Slow
                  | rC++ Stlth+}
 32334 | Shoals:3 | Found a hide-covered altar of Uskayaw.
 32388 | Shoals:3 | Identified the +0 fire dragon scales "Soutoas" {*Corrode
                  | Drain rF++ rC- Str+8 Dex+5}
 32734 | Shoals:4 | Entered Level 4 of the Shoals
 32967 | Shoals:4 | Paralysed by an air elemental for 1 turns
 33045 | Shoals:4 | Paralysed by an air elemental for 1 turns
 33318 | Shoals:4 | Paralysed by an air elemental for 1 turns
 34110 | Shoals:4 | Paralysed by an air elemental for 1 turns
 34149 | Shoals:4 | Got a barnacled rune of Zot
 34599 | Elf:1    | Entered Level 1 of the Elven Halls
 34606 | Elf:1    | Learned a level 4 spell: Iskenderun's Mystic Blast
 34610 | Elf:1    | Learned a level 3 spell: Stone Arrow
 34642 | Elf:1    | Paralysed by an orc sorcerer for 5 turns
 34800 | Abyss:2  | Cast into level 2 of the Abyss (a deep elf sorcerer)
 34910 | Abyss:2  | Reached XP level 20. HP: 127/156 MP: 29/37
 35096 | Abyss:2  | Gained mutation: Armour fits poorly on your strangely
                  | shaped body. [a neqoxec]
 35097 | Abyss:2  | Gained mutation: You occasionally lose the ability to read
                  | scrolls when taking damage. [a neqoxec]
 35101 | Abyss:2  | Gained mutation: You sometimes lose the ability to read
                  | scrolls when taking damage. [a neqoxec]
 35106 | Abyss:2  | Paralysed by accursed screaming for 1 turns
 35513 | Elf:1    | Escaped the Abyss
 35790 | Elf:1    | Got the Monograph on the Shot
 36227 | Lair:1   | Lost mutation: Armour fits poorly on your strangely shaped
                  | body. [potion of mutation]
 36227 | Lair:1   | Lost mutation: You sometimes lose the ability to read
                  | scrolls when taking damage. [potion of mutation]
 36227 | Lair:1   | Lost mutation: You occasionally lose the ability to read
                  | scrolls when taking damage. [potion of mutation]
 36227 | Lair:1   | Gained mutation: Your mind is acute. (Int +4, Str/Dex -1)
                  | [potion of mutation]
 36227 | Lair:1   | Gained mutation: You expend magic power (3 MP) to
                  | strengthen your wands. [potion of mutation]
 36227 | Lair:1   | Gained mutation: You have an increased reservoir of magic.
                  | (+10% MP) [potion of mutation]
 36471 | Elf:2    | Found Myogis's General Store.
 36487 | Elf:2    | Paralysed by an air elemental for 1 turns
 37727 | Elf:2    | Found a huge runed translucent gate.
 37727 | Elf:2    | Found a huge runed translucent gate.
 37727 | Elf:2    | Found a huge runed translucent gate.
 37727 | Elf:2    | Found a huge runed translucent gate.
 37727 | Elf:2    | Found a huge runed translucent gate.
 38068 | Elf:2    | Noticed Asterion
 38143 | Elf:2    | Killed Asterion
 38150 | Elf:2    | Reached skill level 15 in Invocations
 38738 | Elf:3    | Entered Level 3 of the Elven Halls
 38808 | Elf:3    | Identified the +3 battleaxe "Grim" {speed, *Slow rCorr MP+9
                  | Dex+6}
 38967 | Elf:3    | Found a runed translucent door.
 38968 | Elf:3    | Noticed Foashama's ghost (adept DsWr)
 38977 | Elf:3    | Killed Foashama's ghost
 39541 | Elf:3    | Reached XP level 21. HP: 164/164 MP: 43/43
 39727 | Abyss:2  | Cast into level 2 of the Abyss (a deep elf sorcerer)
 39825 | Abyss:2  | Noticed a bone dragon
 39863 | Abyss:2  | Killed a bone dragon
 40166 | Abyss:2  | Found a corrupted altar of Lugonu.
 40296 | Elf:3    | Escaped the Abyss
 41070 | Elf:3    | Reached skill level 15 in Axes
 41462 | Elf:3    | Identified the +7 broad axe of Modern Resourcefulness
                  | {drain, rElec rN+ rCorr Str-3}
 41650 | Elf:3    | Got the Anthology of the Last Planets
 41660 | Elf:3    | Identified the +1 ring mail "Zuxem" {rElec rF+ rC-}
 41783 | Elf:3    | Identified the +1 ring mail of the Swamp {rN+ Str+5 Dex-3
                  | Stlth+}
 41799 | Elf:3    | Got Qib Nustru's Treatise on Traumaturgy
 41970 | Abyss:3  | Noticed a bone dragon
 41970 | Abyss:3  | Cast into level 3 of the Abyss (a deep elf demonologist)
 41994 | Abyss:3  | Killed a bone dragon
 42018 | Abyss:3  | Found a corrupted altar of Lugonu.
 42552 | Abyss:4  | Found a corrupted altar of Lugonu.
 42574 | Elf:3    | Escaped the Abyss
 42938 | Vaults:1 | Entered Level 1 of the Vaults
 43697 | Vaults:1 | Noticed Aizul
 43708 | Vaults:1 | Killed Aizul
 43709 | Vaults:1 | Reached XP level 22. HP: 58/173 MP: 41/45
 44122 | Vaults:1 | Reached skill level 15 in Spellcasting
 44253 | Vaults:1 | Reached skill level 15 in Dodging
 45720 | Vaults:2 | Identified the +4 whip of Plunder {freeze, rN+ SInv}
 45756 | Vaults:2 | Noticed Saint Roka
 45771 | Vaults:2 | Killed Saint Roka
 45772 | Vaults:2 | Reached skill level 15 in Fighting
 45772 | Vaults:2 | Reached skill level 15 in Short Blades
 45772 | Vaults:2 | Reached skill level 15 in Long Blades
 45772 | Vaults:2 | Reached skill level 15 in Maces & Flails
 45772 | Vaults:2 | Reached skill level 15 in Polearms
 45772 | Vaults:2 | Reached skill level 15 in Staves
 45772 | Vaults:2 | Reached skill level 15 in Ranged Weapons
 45772 | Vaults:2 | Reached skill level 15 in Throwing
 45772 | Vaults:2 | Reached skill level 15 in Stealth
 45772 | Vaults:2 | Reached skill level 15 in Shields
 45772 | Vaults:2 | Reached skill level 15 in Unarmed Combat
 45772 | Vaults:2 | Reached skill level 15 in Evocations
 46048 | Vaults:2 | Noticed Margery
 46062 | Vaults:2 | Killed Margery
 46889 | Vaults:2 | Found Tiwnem's Jewellery Shop.
 46897 | Vaults:2 | Bought the amulet "Tiapse" {Acrobat Contam rN+ Str+6
                  | Stlth+} for 816 gold pieces
 47027 | Vaults:2 | Noticed Sojobo
 47271 | Vaults:2 | Paralysed by an air elemental for 1 turns
 47275 | Vaults:2 | Paralysed by an air elemental for 1 turns
 47279 | Vaults:2 | Killed Sojobo
 48241 | Vaults:3 | Found Xuppoff's Armour Boutique.
 48258 | Vaults:3 | Reached XP level 23. HP: 151/181 MP: 37/46
 48268 | Vaults:3 | Found Ulast's Book Shoppe.
 48385 | Vaults:3 | Found a magical portal.
 48394 | WizLab   | Entered Alistair's Party Mansion
 48982 | WizLab   | Paralysed by a vampire knight for 2 turns
 49610 | WizLab   | Identified a scroll of acquirement
 49621 | WizLab   | Got the Discursus on the Panacea and Reformation
 49627 | WizLab   | Acquired the scarf "Zitut" {shadows, Harm Rampage rF+
                  | Dex+3}
 50350 | Vaults:3 | Paralysed by a vampire knight for 4 turns
 51040 | Vaults:3 | Found a staircase to the Crypt.
 51814 | Vaults:4 | Found a flickering gateway to a bazaar.
 51830 | Bazaar   | Entered a bazaar
 51830 | Bazaar   | Found Hoax's Book Boutique.
 51830 | Bazaar   | Found Neduivai's Armour Shop.
 51830 | Bazaar   | Found Xuriex's Armour Shop.
 52029 | Vaults:4 | Paralysed by a formless jellyfish for 1 turns
 53426 | Vaults:4 | Reached XP level 24. HP: 178/191 MP: 47/47
 53568 | Vaults:5 | Entered Level 5 of the Vaults
 54621 | Vaults:5 | Identified the +11 long sword "Womaonaf" {elec, rPois}
 55343 | Vaults:5 | Identified the +10 mace of the Conjuring Whale {protect,
                  | rC+ Int+3}
 55591 | Vaults:5 | Got a silver rune of Zot
 57031 | Vaults:5 | Identified the +7 plate armour of Rotini {rPois Int+2}
 57375 | Vaults:5 | Found Gieng's Magic Scroll Emporium.
 57381 | Vaults:5 | Noticed an ancient lich
 57398 | Vaults:5 | Killed an ancient lich
 57623 | Vaults:5 | Reached XP level 25. HP: 51/199 MP: 48/48
 58144 | Vaults:5 | Found Eryate's Distillery.
 58154 | Vaults:5 | Bought a potion of curing for 51 gold pieces
 58154 | Vaults:5 | Bought 2 potions of curing for 102 gold pieces
 58193 | Vaults:5 | Found Dozaotri's Distillery.
 58859 | Depths:1 | Entered Level 1 of the Depths
 59393 | Depths:1 | Found a gateway to Hell.
 59924 | Depths:1 | Found a bloodstained altar of Trog.
 60032 | Depths:2 | Found a one-way gate to the infinite horrors of the Abyss.
 61259 | Depths:2 | Found a one-way gate leading to the halls of Pandemonium.
 61595 | Depths:2 | Reached skill level 15 in Fire Magic
 62006 | Depths:2 | Paralysed by a vampire knight for 5 turns
 62108 | Depths:2 | Identified the ring of the Butterfly {Str+6 Slay+3}
 63013 | D:11     | You paid a toll of +3 gold dragon scales to enter a
                  | treasure trove
 63014 | Trove    | Entered a treasure trove
 63072 | Trove    | Got Sif Muna's Incunable of the Gathering and Shadows
 63888 | Depths:3 | Found a shimmering blue altar of Sif Muna.
 64244 | Depths:3 | Identified the +4 halberd of Womaidog {heavy, +Blink Will+
                  | Str+2}
 64288 | Depths:3 | You are sucked into a shaft and drop 1 floor!
 64288 | Depths:4 | Entered Level 4 of the Depths
 65208 | Depths:4 | Paralysed by something for 2 turns
 65652 | Depths:4 | Reached XP level 26. HP: 146/208 MP: 49/49
 65892 | Depths:4 | Found a gate to the Realm of Zot.
 65969 | Depths:4 | Found Suzxagh's Jewellery Boutique.
 65970 | Depths:4 | Found Ihoskag's Book Emporium.
 65971 | Depths:4 | Found Boal's Jewellery Boutique.
 67288 | Depths:3 | Found a one-way gateway to a ziggurat.
 67635 | Depths:3 | Reached skill level 15 in Conjurations
 67635 | Depths:3 | Reached skill level 15 in Hexes
 67635 | Depths:3 | Reached skill level 15 in Summonings
 67635 | Depths:3 | Reached skill level 15 in Necromancy
 67635 | Depths:3 | Reached skill level 15 in Translocations
 67635 | Depths:3 | Reached skill level 15 in Transmutations
 67635 | Depths:3 | Reached skill level 15 in Ice Magic
 67635 | Depths:3 | Reached skill level 15 in Air Magic
 67635 | Depths:3 | Reached skill level 15 in Earth Magic
 67635 | Depths:3 | Reached skill level 15 in Poison Magic
 67635 | Depths:3 | Reached skill level 15 in Shapeshifting
 68534 | Hell     | Entered the Vestibule of Hell
 68534 | Hell     | Noticed Geryon
 68909 | Crypt:1  | Entered Level 1 of the Crypt
 70081 | Crypt:1  | Found a basalt altar of Yredelemnul.
 71245 | Crypt:2  | Noticed Mennas
 71262 | Crypt:2  | Killed Mennas
 71946 | Crypt:3  | Entered Level 3 of the Crypt
 72407 | Crypt:3  | Identified the +3 helmet of Xiam Ke Vuz {-Cast rElec
                  | Will+++ SInv}
 72659 | Crypt:3  | Paralysed by a vampire knight for 5 turns
 72856 | Crypt:3  | Found a staircase to the Tomb.
 73262 | Abyss:4  | Cast into level 4 of the Abyss (hell knight)
 73448 | Abyss:4  | Reached XP level 27. HP: 204/217 MP: 49/49
 73642 | Crypt:3  | Escaped the Abyss
 74182 | Crypt:3  | Found an ancient bone altar of Kikubaaqudgha.
 74184 | Crypt:3  | Noticed a dread lich
 74194 | Crypt:3  | Killed a dread lich
 74252 | Crypt:3  | Got the Precepts of the Vanishing Geomancers
 74279 | Crypt:3  | Noticed an ancient lich
 74287 | Crypt:3  | Killed an ancient lich
 74909 | Tomb:1   | Entered Level 1 of the Tomb of the Ancients
 75617 | Tomb:1   | HP: 7/219 [phantasmal warrior[a mummy priest] (24)]
 75620 | Tomb:1   | Noticed a royal mummy
 76143 | Tomb:1   | Identified the +9 long sword of Disorder {pain, rC++ rCorr
                  | MP+9 Int-3}
 77543 | Tomb:1   | Acquired the +3 pair of mountain boots {steadfast, rC+}
 77543 | Tomb:1   | Found the +3 pair of mountain boots {steadfast, rC+}
 77545 | Tomb:1   | Acquired 609 gold pieces
 77547 | Tomb:1   | Acquired 1154 gold pieces
 77838 | Tomb:1   | Noticed a royal mummy
 77839 | Tomb:1   | Noticed a royal mummy
 77847 | Tomb:1   | HP: 5/219 [mummy priest/divine providence (15)]
 79270 | D:5      | Killed Crazy Yiuf
 80901 | Hell     | Noticed Murray
 81254 | Depths:1 | Killed Murray
 81764 | Hell     | Killed Geryon
 81993 | Hell     | Found a gateway to the ashen valley of Gehenna.
 82198 | Hell     | Found a gateway to the decaying netherworld of Tartarus.
 82369 | Hell     | Found a gateway to the freezing wastes of Cocytus.
 82476 | Hell     | Found a gateway to the Iron City of Dis.
 82563 | Dis:1    | Entered Level 1 of the Iron City of Dis
 82619 | Dis:1    | Noticed a dread lich
 82619 | Dis:1    | Noticed an ancient lich
 82619 | Dis:1    | Noticed an ancient lich
 82634 | Dis:1    | Killed an ancient lich
 82732 | Dis:1    | Noticed an ancient lich
 82734 | Dis:1    | Noticed a dread lich
 82735 | Dis:1    | Killed an ancient lich
 82738 | Dis:1    | Killed a dread lich
 82760 | Dis:1    | Killed an ancient lich
 82804 | Dis:1    | Noticed a dread lich
 82805 | Dis:1    | Paralysed by a dread lich for 3 turns
 82809 | Dis:1    | Killed a dread lich
 82855 | Dis:1    | Noticed a dread lich
 82858 | Dis:1    | Killed a dread lich
 82931 | Dis:1    | Paralysed by a dread lich for 4 turns
 82936 | Dis:1    | Killed a dread lich
 84297 | Geh:1    | Entered Level 1 of Gehenna
 84593 | Geh:1    | Noticed an ancient lich
 84617 | Geh:1    | Killed an ancient lich
 86405 | Depths:2 | Voluntarily entered the Abyss.
 86474 | Abyss:4  | HP: 7/154 [starcursed mass/accursed screaming (8)]
 86507 | Abyss:4  | Got an abyssal rune of Zot
 86723 | Depths:2 | Escaped the Abyss
 87133 | Depths:2 | Voluntarily entered the Abyss.
 87178 | Abyss:4  | Found a corrupted altar of Lugonu.
 87481 | Depths:2 | Escaped the Abyss
 87782 | Depths:2 | Voluntarily entered the Abyss.
 87785 | Abyss:4  | Found a corrupted altar of Lugonu.
 87830 | Abyss:4  | Found a corrupted altar of Lugonu.
 87905 | Abyss:4  | Found a corrupted altar of Lugonu.
 87949 | Abyss:4  | Found a corrupted altar of Lugonu.
 87952 | Abyss:4  | Found a corrupted altar of Lugonu.
 88182 | Depths:2 | Escaped the Abyss
 88184 | Depths:2 | Voluntarily entered the Abyss.
 88188 | Abyss:4  | Found a corrupted altar of Lugonu.
 88280 | Abyss:4  | Found a corrupted altar of Lugonu.
 88377 | Abyss:4  | Found a corrupted altar of Lugonu.
 88842 | Abyss:4  | Noticed a dread lich
 88849 | Abyss:4  | Killed a dread lich
 88849 | Abyss:4  | Gained mutation: You sometimes lose your temper in combat.
                  | [a neqoxec]
 88863 | Abyss:4  | Found a corrupted altar of Lugonu.
 89022 | Abyss:4  | Noticed an ancient lich
 89029 | Abyss:4  | Killed an ancient lich
 89049 | Depths:2 | Escaped the Abyss
 89323 | Depths:2 | Voluntarily entered the Abyss.
 89399 | Depths:2 | Escaped the Abyss
 89605 | Depths:2 | Voluntarily entered the Abyss.
 90721 | Depths:2 | Escaped the Abyss
 90950 | Depths:2 | Voluntarily entered the Abyss.
 91240 | Depths:2 | Escaped the Abyss
 91507 | Depths:2 | Voluntarily entered the Abyss.
 91507 | Abyss:4  | Found a corrupted altar of Lugonu.
 91951 | Abyss:4  | Found a corrupted altar of Lugonu.
 92091 | Abyss:4  | Found a corrupted altar of Lugonu.
 92091 | Abyss:4  | Found a corrupted altar of Lugonu.
 92133 | Abyss:4  | Found a corrupted altar of Lugonu.
 92135 | Depths:2 | Escaped the Abyss
 92532 | Depths:2 | Voluntarily entered the Abyss.
 92844 | Depths:2 | Escaped the Abyss
 92995 | Depths:2 | Voluntarily entered the Abyss.
 93327 | Abyss:4  | Noticed an ancient lich
 93330 | Abyss:4  | Killed an ancient lich
 93389 | Abyss:4  | Gained mutation: You do not regenerate when monsters are
                  | visible. [a neqoxec]
 93516 | Abyss:4  | Noticed a dread lich
 93534 | Abyss:4  | Paralysed by a dread lich for 5 turns
 93539 | Abyss:4  | Killed a dread lich
 93541 | Abyss:4  | Lost mutation: You sometimes lose your temper in combat. [a
                  | neqoxec]
 93551 | Depths:2 | Escaped the Abyss
 93961 | Depths:2 | Voluntarily entered the Abyss.
 94078 | Abyss:4  | Gained mutation: Potions are less effective at restoring
                  | your health. [a neqoxec]
 94229 | Depths:2 | Escaped the Abyss
 94271 | Depths:2 | Voluntarily entered the Abyss.
 94294 | Abyss:4  | Found a corrupted altar of Lugonu.
 94346 | Abyss:4  | Found a sacrificial altar of Ru.
 94380 | Abyss:4  | Paralysed by accursed screaming for 1 turns
 94576 | Abyss:4  | Found a sacrificial altar of Ru.
 94698 | Abyss:4  | Paralysed by accursed screaming for 1 turns
 94765 | Abyss:4  | Noticed an ancient lich
 94769 | Abyss:4  | Killed an ancient lich
 94807 | Depths:2 | Escaped the Abyss
 95121 | Depths:2 | Voluntarily entered the Abyss.
 95596 | Depths:2 | Escaped the Abyss
 95805 | Depths:2 | Voluntarily entered the Abyss.
 95878 | Abyss:4  | Found a corrupted altar of Lugonu.
 95976 | Abyss:4  | Found a corrupted altar of Lugonu.
 96223 | Depths:2 | Escaped the Abyss
 96395 | Depths:2 | Voluntarily entered the Abyss.
 96726 | Abyss:5  | Noticed an ancient lich
 96737 | Abyss:5  | Killed an ancient lich
 96864 | Abyss:5  | Gained mutation: You are weak. (Str -2) [a neqoxec]
 97153 | Abyss:5  | Found a corrupted altar of Lugonu.
 97328 | Abyss:5  | HP: 7/228 [starcursed mass/accursed screaming (5)]
 97333 | Abyss:5  | HP: 7/228 [starcursed mass/accursed screaming (6)]
 97337 | Abyss:5  | HP: 3/228 [raiju/living lightning (11)]
 97338 | Abyss:5  | Killed from afar by a starcursed mass

Illustrated notes

Levels and vault maps discovered:
D:1:      minmay_arrival_loop, layout_loops_ring,
          hellmonk_ecumenical_altar_prayer_group, serial_shops, shop
D:2:      layout_basic, basic_altar, st_stairs_2
D:3:      layout_basic, mainiacjoe_overflow_brackets, xom_teletrap_fun
D:4:      layout_loops_ring, uniq_pikel, uniq_robin, uniq_eustachio
D:5:      layout_cave_pools, slow_altar_2, mainiacjoe_overflow_six_doors_small,
          minmay_temple_entry_trees, uniq_sigmund, uniq_crazy_yiuf_cottage,
          uniq_edmund
D:6:      layout_basic, nicolae_uskayaw_murder_on_the_dancefloor,
          tso_metal_star, gammafunk_temple_overflow_pools,
          general_overflow_altar
D:7:      layout_basic, nemelex_dance_club_becter, zin_angel, kennysheep_path_1,
          uniq_menkaure
D:8:      layout_gridville, okawaru_altar_gauntlet_db, nicolae_shop_clearance,
          uniq_erica
D:9:      layout_stronghold, marbit_many_paths, nicolae_overflow_crystal_walls,
          mainiacjoe_overflow_catwalk, erik_lair_dragon, gammafunk_ghost_icy
D:10:     minmay_clustersquares, layout_stronghold,
          lemuel_mausoleum_altar_yredelemnul, orc_0_dummy
D:11:     layout_rooms, enter_trove_0
D:12:     layout_basic, chequers_serial_rivers_marsh,
          chequers_serial_rivers_large_b, serial_bayou_crossing
D:13:     minmay_tri_box, layout_layer_cave, hellmonk_vaults_keyhole,
          serial_co_window_serial, co_window_paths_b, co_window_paths_b,
          co_window_corner_a, co_window_paths_a, co_window_paths_a,
          co_window_of_opportunity_a, co_window_paths_b, co_window_broadway_a,
          co_window_corner_b, co_window_unsneaky_path_b, co_window_2corner,
          co_window_of_opportunity_c, glass_columns_b, glass_columns_a,
          glass_columns_b, portal_ice_cave_entry_pillars_1, uniq_urug,
          uniq_lodul
D:14:     minmay_concentric_multi, layout_stronghold,
          minmay_misc_feat_more_columns
D:15:     hangedman_depths_entry_civil_slaughter, layout_loops_ring,
          nicolae_the_louvre, serial_shops, shop,
          nicolae_shop_bloodbath_and_beyond, nicolae_vehumet_radiance
Temple:   hellmonk_temple_rainy
Lair:1:   layout_regular_city, serial_bayou_lagoon_a, uniq_harold
Lair:2:   layout_chaotic_city, elwin_shoals_entry_rocks,
          nicolae_spider_entry_lesser_pyramids, serial_bayou_pond_b
Lair:3:   layout_gridlike, nicolae_quartered_pool_impasse,
          grunt_forest_small_clearings, grunt_megastairs_5, lemuel_fruit_tree,
          infiniplex_staircase_pool_2, serial_bayou_shore_b,
          serial_bayou_shore_b
Lair:4:   layout_roguey, gammafunk_ghost_grave, ldierk_geyser,
          grunt_megastairs_2
Lair:5:   evilmike_catoblepas_cave, layout_hall_layers,
          minmay_slime_entry_pillars, nicolae_lair_lakeside_cave
Shoals:1: layout_shoals, uniq_nikola
Shoals:2: layout_shoals, uniq_ilsuiw
Shoals:3: layout_shoals, serial_shops, nicolae_square_shop,
          regret_index_shoals_crete
Shoals:4: shoals_end_hellmonk_storm_palace [storm_palace_center_square,
          storm_palace_corner_pillars, storm_palace_corner_narrow,
          storm_palace_corner_pillars, storm_palace_corner_reverse_hut]
Spider:1: layout_spider_delve
Spider:2: layout_cave_pods, hangedman_spider_tarantella_strand
Spider:3: layout_spider_delve, nicolae_spider_webbed_stairs, uniq_arachne,
          uniq_bai_suzhen
Spider:4: grunt_spider_rune_circles, uniq_mara
Orc:1:    layout_caves
Orc:2:    st_orc_mages, layout_caves, serial_shops, nicolae_square_shop,
          lightli_church_of_beogh
Elf:1:    nicolae_elf_arrival_no_cutting_in_line, layout_geoelf_octagon,
          minmay_elf_annihilation
Elf:2:    elven_hall_of_blades_hangedman_alternative
          [nicolae_blade_entry_sentries_behind_glass], layout_geoelf_diagonals,
          serial_shops, shop, serial_sigils_hangedman_stare,
          guppyfry_elf_castle, uniq_asterion
Elf:3:    minmay_elf_hall_hex, layout_geoelf_castle,
          ebering_ghost_reflecting_pool
Vaults:1: v_misc_19, nicolae_vaults_frosty_reception, vaults_room_grid,
          nicolae_vaults_mitosis, hangedman_vaults_hat, hangedman_vaults_pinch,
          nicolae_vaults_diamond_2, nicolae_vaults_weapon_check,
          nicolae_vaults_apartment_1, nicolae_vaults_gold_heap,
          layout_vaults_big_cross, uniq_aizul
Vaults:2: ontoclasm_vaults_idyll, nicolae_vaults_trapezoid_4,
          nicolae_vaults_double_plus_3, nicolae_vaults_hallways_thing,
          nicolae_vaults_little_squares_4, ontoclasm_vaults_eye,
          nicolae_vaults_surprise_closet, nicolae_vaults_surprise_closet_hard,
          nicolae_vaults_network_star, v_pattern_5, v_misc_10,
          nicolae_vaults_arrows, nicolae_vaults_tetromino_T_1, vaults_dpeg_ring,
          grunt_vaults_focal, v_misc_24, layout_vaults_omnibox, serial_shops,
          nicolae_shop_gaudy_bauble, uniq_margery, uniq_saint_roka, uniq_sojobo
Vaults:3: mu_enter_wizlab_5, nicolae_vaults_two_Ls,
          minmay_crypt_entry_simple_sparse, v_alt_pattern_5,
          nicolae_vaults_circle_grid_b, vaults_dpeg_emergency_exit,
          vaults_room_mumra_shop_pool, nicolae_vaults_storage_closets_1,
          layout_vaults_chaotic_city, serial_shops, nicolae_shop_hallway_stairs
Vaults:4: nicolae_vaults_off_center_swirl, nicolae_vaults_circle_grid_b,
          nicolae_vaults_bisected_exclaves, v_misc_14, nicolae_vaults_big_ls,
          nicolae_vaults_what_the_h, vaults_room_fancy_cross, v_alt_pattern_3,
          nicolae_vaults_wrenched, nicolae_vaults_offset_grid_hallway_4,
          nicolae_vaults_diamond_1, nicolae_vaults_mini_display_case,
          vaults_mumra_hex, ontoclasm_vaults_ligature, nicolae_vaults_diamond_1,
          layout_vaults_maze, serial_shops, bzr_entry_gold
Vaults:5
Crypt:1:  layout_chaotic_city, hangedman_blasphemy
Crypt:2:  layout_regular_city, uniq_mennas
Crypt:3:  quadcrypt_mu
Tomb:1
Depths:1: layout_cave_pools, chequers_hall_statues_y,
          hangedman_tar_grid_catacomb, st_stairs_10,
          evilmike_spriggan_trog_shrine
Depths:2: cheibrodos_leafed_vault, layout_gridlike, serial_aquarium,
          aquarium_bridge_square [aquarium_subvault_wall,
          aquarium_subvault_wall, aquarium_subvault_window,
          aquarium_subvault_bridge], aquarium_window_1, aquarium_window_1,
          aquarium_view_2e, aquarium_view_2b, hangedman_abyss_entry_splay,
          hell_entry, grunt_pan_entry_in_and_out
Depths:3: minmay_curly_fans, layout_honeycomb, enter_ziggurat_c,
          hangedman_coc_ice_floe, grunt_pan_entry_sceptre, abyss_entry_crystal,
          nicolae_sif_muna_little_library, infiniplex_staircase_pillars_2,
          firewood_loft
Depths:4: grunt_zot_entry_alcove, layout_gridlike, hell_entry,
          dreamdust_wishing_well, minmay_shop_grove
Hell
Dis:1:    layout_subdivisions, nicolae_hells_leichenhalle
Dis:2:    layout_jigsaw
Dis:3:    layout_gridville
Geh:1:    layout_gehenna_lava_caves, nicolae_geh_lava_lounge
Geh:2:    layout_gehenna_pools_basic
Geh:3:    layout_gehenna_pools_basic
Abyss:5:  base: Tar:3, bh_abyss_exit_grid, minivault_26, minivault_28,
          abyss_greek_temple

Skill      XL: |  1  2  3  4  5  6  7  8  9 10 11 12 13 14 15 16 17 18 19 20 21 22 23 24 25 26 27 |
---------------+----------------------------------------------------------------------------------+-----
Invocations    | 1 2 3 4 5 6 7 8 9 10 11 12 13 14 15 16 17 18 19 22 | 22.7
Fighting       | 1 2 3 4 5 6 8 9 10 11 12 13 14 15 16 17 18 21 | 21.1
Short Blades   | 1 2 3 4 5 6 8 9 10 11 12 13 14 15 16 17 18 21 | 21.1
Long Blades    | 1 2 3 4 5 6 8 9 10 11 12 13 14 15 16 17 18 21 | 21.1
Maces & Flails | 1 2 3 4 5 6 8 9 10 11 12 13 14 15 16 17 18 21 | 21.1
Polearms       | 1 2 3 4 5 6 8 9 10 11 12 13 14 15 16 17 18 21 | 21.1
Staves         | 1 2 3 4 5 6 8 9 10 11 12 13 14 15 16 17 18 21 | 21.1
Ranged Weapons | 1 2 3 4 5 6 8 9 10 11 12 13 14 15 16 17 18 21 | 21.1
Throwing       | 1 2 3 4 5 6 8 9 10 11 12 13 14 15 16 17 18 21 | 21.1
Stealth        | 1 2 3 4 5 6 8 9 10 11 12 13 14 15 16 17 18 21 | 21.1
Shields        | 1 2 3 4 5 6 8 9 10 11 12 13 14 15 16 17 18 21 | 21.1
Unarmed Combat | 1 2 3 4 5 6 8 9 10 11 12 13 14 15 16 17 18 21 | 21.1
Evocations     | 1 2 3 4 5 6 8 9 10 11 12 13 14 15 16 17 18 21 | 21.1
Spellcasting   | 3 4 5 6 7 8 9 10 11 12 13 14 15 16 17 18 21 | 21.2
Conjurations   | 2 3 4 5 6 7 8 9 10 11 12 13 14 15 18 | 18.0
Hexes          | 2 3 4 5 6 7 8 9 10 11 12 13 14 15 18 | 18.0
Summonings     | 2 3 4 5 6 7 8 9 10 11 12 13 14 15 18 | 18.0
Necromancy     | 2 3 4 5 6 7 8 9 10 11 12 13 14 15 18 | 18.0
Translocations | 2 3 4 5 6 7 8 9 10 11 12 13 14 15 18 | 18.0
Transmutations | 2 3 4 5 6 7 8 9 10 11 12 13 14 15 18 | 18.0
Ice Magic      | 2 3 4 5 6 7 8 9 10 11 12 13 14 15 18 | 18.0
Air Magic      | 2 3 4 5 6 7 8 9 10 11 12 13 14 15 18 | 18.0
Earth Magic    | 2 3 4 5 6 7 8 9 10 11 12 13 14 15 18 | 18.0
Poison Magic   | 2 3 4 5 6 7 8 9 10 11 12 13 14 15 18 | 18.0
Shapeshifting  | 2 3 4 5 6 7 8 9 10 11 12 13 14 15 18 | 18.0
Axes           | 5 6 7 8 9 10 11 12 13 14 15 16 17 18 21 | 21.5
Dodging        | 3 4 5 6 7 8 9 10 11 12 13 14 15 16 17 18 21 | 21.2
Fire Magic     | 4 5 6 7 8 9 10 11 12 13 14 15 18 | 18.4
Armour         | 9 10 11 12 13 14 15 16 17 18 19 22 | 22.3

Action                     |  1- 3 |  4- 6 |  7- 9 | 10-12 | 13-15 | 16-18 | 19-21 | 22-24 | 25-27 || total
---------------------------+-------+-------+-------+-------+-------+-------+-------+-------+-------++-------
  Melee: Hand axe          |    53 |       |       |       |       |       |       |       |       ||    53
         Scimitar          |       |       |       |       |    13 |       |       |     3 |       ||    16
         Bite              |       |       |       |       |     2 |     1 |       |     1 |     9 ||    13
         Orcbow            |       |       |       |       |     1 |     9 |       |       |    14 ||    24
         Punch             |       |       |       |       |     1 |       |       |       |    13 ||    14
         Mace              |       |       |       |       |       |       |       |       |    50 ||    50
         Unarmed           |       |       |       |       |       |       |       |       |     1 ||     1
   Fire: Orcbow            |     9 |    50 |   174 |   638 |  1178 |   697 |  1461 |  1403 |  5392 || 11002
         Shortbow          |       |       |       |       |   173 |    43 |       |       |       ||   216
   Cast: Foxfire           |    18 |       |     4 |    12 |       |       |       |     5 |     5 ||    44
         Sticky Flame      |       |       |       |       |    79 |    21 |    74 |    59 |   110 ||   343
         Freezing Cloud    |       |       |       |       |    11 |   154 |   259 |   198 |   279 ||   901
         Dispel Undead     |       |       |       |       |     2 |       |       |     2 |   390 ||   394
         Irradiate         |       |       |       |       |       |     1 |       |     1 |     1 ||     3
         Stone Arrow       |       |       |       |       |       |       |     5 |    60 |    51 ||   116
         Orb of Destructio |       |       |       |       |       |       |     2 |    23 |    16 ||    41
         Iskenderun's Myst |       |       |       |       |       |       |       |    11 |    28 ||    39
  Evoke: Wand              |       |       |       |       |     3 |     8 |       |     5 |     1 ||    17
    Use: Scroll            |       |       |       |     8 |     9 |     9 |     6 |    11 |    19 ||    62
         Potion            |       |       |       |     1 |     2 |    17 |     3 |     4 |    18 ||    45
 Armour: Ring mail         |    21 |    11 |    19 |   189 |   328 |   371 |   187 |       |       ||  1126
         Fire dragon scale |       |       |       |       |       |       |   291 |   487 |  1425 ||  2203
         Skin              |       |       |       |       |       |       |       |       |     1 ||     1
  Dodge: Dodged            |    36 |     9 |    27 |   244 |   597 |   430 |   655 |   920 |  4444 ||  7362
  Block: Other             |       |       |    12 |    88 |   190 |    91 |   166 |    28 |       ||   575
         Reflection        |       |       |     3 |     3 |    22 |     7 |    30 |     7 |       ||    72

Table legend: (Time is in decaauts)
 A = Elapsed time spent in this place.
 B = Non-inter-level travel time spent in this place.
 C = Inter-level travel time spent in this place.
 D = Time resting spent in this place.
 E = Time spent auto-exploring this place.
 F = Levels seen in this place.
 G = Mean time per level.
                   A        B        C        D        E       F      G
               +--------+--------+--------+--------+--------+-----+--------+
         Total |  96439 |  87734 |   8705 |  21605 |  45795 |  79 | 1220.7 |
       Dungeon |  18625 |  13565 |   5060 |    529 |  10490 |  15 | 1241.7 |
        Temple |     19 |      9 |     10 |      0 |      0 |   1 |   19.0 |
          Lair |   6698 |   6293 |    405 |     54 |   4131 |   5 | 1339.6 |
        Shoals |   4912 |   4796 |    116 |    621 |   3101 |   4 | 1228.0 |
   Spider Nest |   6008 |   5757 |    251 |   1596 |   2990 |   4 | 1502.0 |
  Orcish Mines |   1578 |   1375 |    203 |      0 |    866 |   2 |  789.0 |
   Elven Halls |   6017 |   5638 |    379 |   1772 |   2795 |   3 | 2005.7 |
        Vaults |  14064 |  12917 |   1147 |   4425 |   5873 |   5 | 2812.8 |
         Crypt |   6098 |   5736 |    362 |   1110 |   3643 |   3 | 2032.7 |
          Tomb |   3127 |   3127 |      0 |    786 |   1656 |   1 | 3127.0 |
        Depths |  13832 |  13285 |    547 |   7614 |   3998 |   4 | 3458.0 |
          Hell |   1550 |   1501 |     49 |    617 |    504 |   1 | 1550.0 |
           Dis |   1680 |   1666 |     14 |    914 |    467 |   3 |  560.0 |
       Gehenna |   1459 |   1304 |    155 |    213 |    869 |   3 |  486.3 |
         Abyss |   9039 |   9039 |      0 |    726 |   4087 |  21 |  430.4 |
        Bazaar |     18 |     18 |      0 |      0 |      8 |   1 |   18.0 |
         Trove |    112 |    112 |      0 |      0 |     49 |   1 |  112.0 |
      Ice Cave |    204 |    204 |      0 |      0 |     28 |   1 |  204.0 |
        Wizlab |   1390 |   1390 |      0 |    623 |    239 |   1 | 1390.0 |
               +--------+--------+--------+--------+--------+-----+--------+

Top non-repeatable levels by time:
 Abyss:4: 6821 daAuts
Depths:2: 6071 daAuts
     D:9: 3634 daAuts
Depths:1: 3429 daAuts
Vaults:5: 3311 daAuts
 Crypt:3: 3276 daAuts
  Tomb:1: 3127 daAuts
Vaults:4: 3006 daAuts
   Elf:3: 2822 daAuts
Vaults:2: 2740 daAuts
Vaults:1: 2619 daAuts
    D:13: 2522 daAuts
Vaults:3: 2385 daAuts
Depths:3: 2363 daAuts
   Elf:2: 2062 daAuts
